Map: Glittering Ashes LE

Players

Pumba - Winner!

  • Race: Protoss Protoss
  • League: Master
  • Spawn Location: 7:00

Ora

  • Race: Terran Terran
  • League: Grandmaster
  • Spawn Location: 1:00

VOD

Have the link to the VOD?

Description

Time

  • Played on: April 12, 2022, 5:27 p.m.
  • Length: 35:30
Show
View Real Time Build Order
Export as new Build Order

Pumba Protoss - Winner!

Build Orders: Blink Stalkers 

Get SALT Encoding   

  12  0:00  Probe  
  13  0:12  Probe  
  14  0:17  Pylon  
  14  0:25  Probe (Chrono Boost)  
  15  0:37  Probe (Chrono Boost)  
  15  0:38  Gateway  
  16  0:44  Probe (Chrono Boost)  
  16  0:46  Assimilator  
  17  0:51  Probe  
  18  1:03  Probe  
  19  1:15  Probe  
  20  1:28  Cybernetics Core  
  20  1:29  Probe  
  21  1:33  Pylon  
  21  1:50  Probe  
  21  1:54  Zealot (Chrono Boost)  
  24  1:56  Nexus  
  24  2:02  Probe  
  24  2:03  Assimilator  
  24  2:14  Probe, Stalker (Chrono Boost)  
  27  2:23  Warp Gate  
  27  2:26  Probe  
  28  2:35  Stalker (Chrono Boost)  
  30  2:38  Probe  
  30  2:41  Pylon  
  31  2:52  Twilight Council  
  31  3:00  Probe  
  31  3:03  Shield Battery  
  32  3:08  Probe  
  32  3:12  Probe  
  34  3:20  Probe (Chrono Boost)  
  34  3:23  Gateway  
  35  3:29  Blink (Chrono Boost)  
  35  3:32  Probe (Chrono Boost)  
  37  3:34  Probe (Chrono Boost)  
  37  3:40  Probe (Chrono Boost)  
  39  3:42  Probe (Chrono Boost)  
  39  3:46  Probe  
  40  3:53  Probe  
  40  3:55  Gateway  
  41  3:59  Probe  
  42  4:05  Probe  
  43  4:11  Probe  
  43  4:12  Nexus  
  43  4:16  Stalker  
  46  4:17  Probe  
  46  4:19  Stalker  
  46  4:23  Probe  
  50  4:25  Pylon  
  50  4:35  Probe  
  51  4:43  Stalker x2  
  54  4:45  Pylon  
  50  4:54  Probe (Chrono Boost)  
  50  4:58  Probe (Chrono Boost)  
  50  5:05  Probe (Chrono Boost)  
  52  5:09  Probe (Chrono Boost)  
  52  5:10  Probe (Chrono Boost)  
  53  5:14  Forge, Assimilator  
  53  5:17  Templar Archives  
  53  5:18  Probe (Chrono Boost), Assimilator  
  55  5:21  Probe (Chrono Boost)  
  55  5:25  Stalker  
  58  5:28  Sentry  
  58  5:29  Probe (Chrono Boost)  
  58  5:30  Probe (Chrono Boost)  
  58  5:34  Probe (Chrono Boost)  
  62  5:44  Shield Battery  
  62  5:45  Probe  
  62  5:48  Shield Battery  
  62  5:49  Photon Cannon  
  61  5:55  Pylon  
  61  6:01  Probe (Chrono Boost)  
  61  6:02  Probe (Chrono Boost)  
  60  6:09  Stalker x2  
  60  6:11  Probe (Chrono Boost)  
  63  6:13  Psionic Storm  
  59  6:22  Probe (Chrono Boost)  
  62  6:28  Probe x2 (Chrono Boost)  
  62  6:32  Probe (Chrono Boost)  
  63  6:35  Protoss Ground Armor Level 1 (Chrono Boost)  
  63  6:37  Probe (Chrono Boost)  
  63  6:39  Photon Cannon  
  66  6:42  Photon Cannon, Probe (Chrono Boost)  
  66  6:43  Probe (Chrono Boost)  
  66  6:48  Charge  
  66  6:52  Probe (Chrono Boost)  
  66  6:53  Probe  
  66  6:54  Probe  
  69  6:57  High Templar  
  71  7:04  Probe  
  71  7:08  Probe x2, Pylon  
  73  7:11  Shield Battery  
  74  7:15  High Templar  
  74  7:17  Gateway  
  74  7:22  Probe  
  77  7:26  Gateway  
  77  7:28  Gateway  
  77  7:29  High Templar  
  79  7:34  Gateway  
  79  7:37  Probe x3  
  79  7:40  Pylon  
  79  7:41  Gateway  
  82  7:45  Pylon  
  82  7:47  Pylon  
  82  7:49  Probe  
  82  7:50  Probe x2  
  85  7:54  High Templar  
  87  7:59  Pylon  
  87  8:01  Zealot, Robotics Facility  
  89  8:13  Zealot x2  
  93  8:20  Pylon  
  93  8:22  Zealot, High Templar  
  93  8:23  Zealot  
  93  8:24  Probe x3  
  102  8:31  Assimilator  
  102  8:32  Pylon  
  102  8:35  Zealot x4, Assimilator  
  102  8:38  Protoss Ground Weapons Level 1 (Chrono Boost)  
  110  8:45  Gateway  
  110  8:47  Pylon  
  110  8:49  Pylon  
  110  8:52  Pylon  
  106  9:00  Zealot x6  
  106  9:02  Warp Prism (Chrono Boost)  
  120  9:13  Zealot x2  
  124  9:17  Probe  
  124  9:19  Probe  
  124  9:20  Probe  
  127  9:25  Nexus  
  127  9:29  Shield Battery, Probe  
  106  9:44  Stalker x4  
  106  9:45  Zealot x2  
  116  9:56  Observer  
  117  10:02  Probe  
  117  10:03  Probe x2  
  120  10:09  Pylon  
  120  10:14  Robotics Bay  
  120  10:15  Probe x2  
  120  10:16  Robotics Facility  
  120  10:17  Observer  
  123  10:21  Forge  
  123  10:22  Robotics Facility  
  123  10:28  High Templar x2  
  127  10:30  Zealot x3, Stalker x2  
  127  10:32  Protoss Ground Armor Level 2 (Chrono Boost)  
  127  10:34  Probe  
  127  10:35  Probe  
  133  10:39  Observer  
  130  10:47  Zealot x2  
  134  10:58  Dark Shrine  
  134  11:01  Zealot x3, Stalker x4  
  134  11:03  Probe  
  139  11:21  Probe x2  
  139  11:22  Photon Cannon  
  141  11:25  Pylon  
  141  11:33  Disruptor, Nexus  
  141  11:34  Disruptor x2, Assimilator x2  
  141  11:35  Protoss Ground Weapons Level 2 (Chrono Boost)  
  150  11:41  Probe  
  150  11:43  Probe x2  
  153  11:56  High Templar x2  
  153  12:00  Photon Cannon  
  157  12:02  Zealot x7, Photon Cannon  
  157  12:04  Shield Battery  
  171  12:20  Photon Cannon  
  171  12:22  Shield Battery  
  161  12:29  Zealot x7  
  170  12:32  Disruptor  
  170  12:37  Disruptor  
  169  12:45  Probe  
  169  12:46  Probe x2  
  169  12:47  Probe  
  172  12:51  Protoss Ground Armor Level 3 (Chrono Boost)  
  172  12:53  Pylon  
  172  12:55  Pylon  
  166  13:02  Probe  
  157  13:06  Probe  
  155  13:23  Pylon  
  155  13:27  Pylon  
  151  13:29  Pylon  
  151  13:40  Pylon  
  151  13:41  Pylon  
  151  13:42  Pylon  
  149  13:55  Zealot x7  
  158  14:00  Nexus  
  157  14:07  Dark Templar  
  157  14:09  Dark Templar  
  161  14:23  High Templar, Assimilator  
  163  14:25  High Templar  
  163  14:27  Shield Battery  
  163  14:29  Photon Cannon  
  163  14:31  Pylon  
  163  14:32  Observer x2  
  163  14:42  Nexus  
  163  14:48  Observer  
  163  14:49  Robotics Bay  
  164  14:53  Immortal x2  
  166  15:05  Stalker x4  
  166  15:06  Zealot x5  
  184  15:32  Photon Cannon  
  184  15:34  Shield Battery, Photon Cannon  
  131  15:46  Zealot x9  
  137  15:55  Disruptor, Observer x2  
  125  16:04  Probe x3  
  122  16:05  Probe  
  122  16:11  Shield Battery  
  123  16:13  Pylon  
  123  16:15  Disruptor (Chrono Boost)  
  123  16:16  Disruptor (Chrono Boost), Probe x3, Photon Cannon  
  123  16:17  Probe  
  133  16:28  Extended Thermal Lance (Chrono Boost), Probe x3  
  133  16:30  Protoss Ground Weapons Level 3 (Chrono Boost)  
  133  16:31  Observer (Chrono Boost)  
  137  16:38  Dark Templar  
  137  16:39  Dark Templar  
  141  16:40  Probe x2  
  141  16:43  Colossus (Chrono Boost)  
  141  16:44  Disruptor (Chrono Boost)  
  152  16:57  Stalker x4  
  157  17:01  Zealot x3  
  145  17:27  Zealot x7  
  158  17:31  Nexus  
  154  17:40  Pylon  
  146  17:54  High Templar x6  
  146  17:55  High Templar  
  157  18:04  Nexus  
  153  18:14  Photon Cannon, Probe  
  153  18:15  Probe  
  153  18:16  Probe  
  155  18:27  Disruptor (Chrono Boost), Probe x2  
  157  18:28  Disruptor x2 (Chrono Boost)  
  162  18:51  Archon x3  
  162  18:52  Archon  
  162  18:55  Nexus, Probe x3  
  163  18:56  Disruptor  
  166  19:05  Stalker x4  
  174  19:19  Probe x2  
  174  19:20  Probe x2  
  174  19:22  Assimilator  
  176  19:25  Assimilator  
  175  19:41  Nexus  
  174  19:58  Disruptor (Chrono Boost), Observer x2  
  175  20:00  Nexus  
  175  20:04  Pylon  
  175  20:06  High Templar x6  
  187  20:10  Probe x2  
  187  20:11  Nexus  
  195  20:27  Colossus (Chrono Boost)  
  195  20:29  High Templar  
  197  20:38  Gateway  
  197  20:40  Gateway  
  197  20:41  Gateway  
  197  20:43  Gateway  
  197  20:47  Stargate  
  195  20:51  Zealot x2, Assimilator  
  195  20:53  Assimilator  
  195  20:59  Stalker x2  
  199  21:05  Archon  
  197  21:22  Pylon  
  171  21:26  Colossus x2  
  177  21:52  Zealot x10  
  197  21:55  Probe x3  
  200  22:16  Pylon  
  200  22:22  Pylon  
  198  22:27  Stalker  
  189  23:05  Stalker x10  
  183  23:13  Assimilator  
  183  23:16  Assimilator  
  183  23:23  Gateway  
  183  23:26  Gateway  
  183  23:29  Pylon  
  183  23:35  Gateway  
  183  23:39  Dark Shrine  
  183  23:43  Zealot x8  
  199  23:51  Disruptor  
  162  24:24  High Templar  
  162  24:25  Zealot x7, High Templar x2  
  162  24:26  Zealot  
  162  24:27  Stalker x2  
  188  24:33  Disruptor  
  191  24:39  Fleet Beacon  
  191  24:40  Nexus  
  191  24:42  Stargate  
  191  24:43  Stargate  
  166  24:55  Zealot x2  
  166  24:56  Zealot x8  
  159  25:12  Colossus x3  
  175  25:15  Shadow Stride (Chrono Boost)  
  175  25:19  Dark Templar x11  
  175  25:20  Dark Templar  
  199  25:27  Assimilator  
  199  25:36  Pylon  
  199  25:38  Nexus  
  199  25:40  High Templar  
  185  25:50  Zealot  
  186  25:58  Zealot x5, Stalker x2  
  186  25:59  Zealot x2  
  199  26:06  Disruptor  
  196  26:13  Archon  
  194  26:23  Zealot x3  
  194  26:25  Nexus  
  170  27:03  Observer  
  170  27:06  Zealot x6  
  170  27:07  Zealot x2  
  156  27:38  Disruptor  
  156  27:39  Observer x2  
  156  27:42  Carrier  
  155  27:59  Disruptor x2  
  155  28:00  Stalker x2  
  155  28:01  High Templar x3, Stalker  
  169  28:18  Pylon  
  169  28:19  Dark Templar x8  
  185  28:21  Assimilator x2  
  185  28:26  Assimilator  
  177  28:29  Stalker x3  
  177  28:32  Assimilator  
  176  28:48  Dark Templar x3  
  178  28:56  Stalker x5  
  187  29:22  Zealot x10  
  184  29:40  Phoenix x2  
  184  29:41  Phoenix  
  184  30:03  Carrier (Chrono Boost)  
  184  30:05  Stalker x4  
  194  30:07  High Templar  
  194  30:08  High Templar  
  191  30:14  Cybernetics Core  
  191  30:17  Pylon  
  191  30:19  Stalker x2  
  191  30:20  Stalker  
  185  30:39  Carrier (Chrono Boost)  
  185  30:41  Stalker x2  
  195  30:50  Nexus  
  195  30:57  Protoss Air Weapons Level 1 (Chrono Boost)  
  181  30:58  Nexus  
  177  31:08  Zealot x4  
  177  31:09  Zealot x3  
  191  31:15  Pylon  
  191  31:18  Pylon  
  188  31:35  Observer  
  188  31:37  Protoss Shields Level 1 (Chrono Boost)  
  186  31:46  Protoss Air Armor Level 1 (Chrono Boost)  
  172  31:52  Observer  
  173  32:13  Assimilator  
  171  32:23  Immortal x2  
  171  32:24  Dark Templar x8  
  171  32:26  Nexus  
  194  32:37  Stalker  
  194  32:38  Zealot, Stalker  
  162  34:21  Zealot x10  
  176  34:44  Archon x2  
  176  34:45  Archon  
  169  34:54  Zealot x8  
  185  35:07  Nexus  
Show
View Real Time Build Order
Export as new Build Order

Ora Terran 

Build Orders: Banshee Rush 

Get SALT Encoding   

  12  0:01  SCV  
  13  0:13  SCV  
  14  0:17  Supply Depot  
  14  0:25  SCV  
  15  0:39  SCV  
  15  0:40  Barracks  
  16  0:44  Refinery  
  16  0:51  SCV  
  17  1:03  SCV  
  18  1:15  SCV  
  18  1:16  Engineering Bay  
  19  1:27  Reaper  
  19  1:28  Orbital Command  
  20  1:56  SCV  
  20  2:00  Barracks Reactor  
  21  2:01  Supply Depot  
  21  2:08  SCV  
  22  2:15  Command Center  
  22  2:18  Bunker  
  22  2:20  SCV  
  23  2:24  Factory  
  23  2:31  Refinery  
  23  2:32  SCV  
  23  2:36  Marine x2  
  26  2:44  SCV  
  27  2:56  SCV  
  28  3:03  Barracks Tech Lab  
  28  3:08  SCV  
  29  3:13  Starport  
  29  3:18  Hellion  
  31  3:27  SCV, Hellion  
  35  3:35  Orbital Command  
  35  3:39  SCV  
  35  3:40  Hellion  
  39  3:48  Hellion  
  39  3:51  SCV  
  39  3:52  Supply Depot  
  40  3:57  Banshee, Cloaking Field  
  40  4:02  SCV  
  44  4:03  SCV  
  45  4:14  SCV  
  45  4:15  SCV  
  47  4:18  Engineering Bay  
  47  4:19  Supply Depot  
  47  4:22  Factory Tech Lab, Marine  
  47  4:23  Marine  
  49  4:26  SCV  
  49  4:27  SCV  
  51  4:38  SCV  
  52  4:39  SCV  
  52  4:40  Marine  
  52  4:41  Banshee, Marine, Siege Tank  
  61  4:50  SCV  
  61  4:52  SCV  
  60  4:57  Supply Depot  
  54  5:02  Barracks, SCV  
  54  5:03  Barracks  
  54  5:04  SCV  
  54  5:07  Marine x2  
  56  5:13  Siege Tank  
  61  5:14  SCV  
  61  5:18  Refinery  
  61  5:19  SCV, Refinery  
  63  5:24  Marine x2  
  63  5:26  SCV  
  66  5:31  Supply Depot, SCV, Starport Reactor  
  67  5:39  SCV  
  67  5:42  Marine x2  
  70  5:52  SCV x2, Siege Tank  
  75  6:00  Marine x2  
  75  6:04  SCV x2  
  77  6:16  SCV x2  
  77  6:18  Marine  
  76  6:19  Marine  
  76  6:28  Command Center  
  75  6:40  Supply Depot x2  
  75  6:41  Terran Infantry Weapons Level 1  
  75  6:42  Supply Depot  
  75  6:44  Stimpack  
  75  6:45  Barracks x2  
  75  6:56  Bunker  
  75  6:58  SCV, Marine x2  
  78  7:01  SCV, Medivac x2, Siege Tank, Marauder  
  78  7:04  Barracks Tech Lab  
  88  7:10  SCV  
  88  7:11  Supply Depot  
  88  7:12  Supply Depot  
  88  7:13  SCV  
  90  7:16  Marine x2  
  90  7:22  Combat Shield, Marine  
  92  7:23  SCV  
  92  7:25  SCV  
  92  7:26  Supply Depot  
  95  7:35  SCV, Barracks Tech Lab  
  95  7:36  Barracks Reactor  
  98  7:41  Marauder  
  98  7:43  SCV  
  99  7:44  Supply Depot  
  99  7:45  Orbital Command  
  99  7:47  SCV  
  99  7:48  Widow Mine x2  
  104  7:54  Marauder x3  
  104  7:58  SCV  
  111  7:59  SCV  
  111  8:01  Medivac  
  111  8:02  Marauder  
  115  8:09  Widow Mine x2  
  115  8:10  SCV  
  115  8:11  SCV, Orbital Command  
  121  8:15  Marauder  
  121  8:16  Marauder x2  
  121  8:18  Marine  
  121  8:19  Marine  
  129  8:20  Sensor Tower  
  129  8:22  SCV  
  129  8:23  SCV, Marauder  
  129  8:24  Concussive Shells  
  133  8:30  Widow Mine  
  133  8:33  Engineering Bay  
  138  8:34  Armory, Widow Mine  
  138  8:37  Marauder x3  
  143  8:43  Supply Depot  
  143  8:45  Marauder  
  145  8:52  Widow Mine  
  147  8:58  Marauder  
  149  9:04  Medivac x2  
  149  9:05  Widow Mine, Marauder  
  149  9:06  Missile Turret  
  149  9:09  Missile Turret x2  
  157  9:13  Supply Depot  
  157  9:14  Supply Depot  
  157  9:16  Supply Depot  
  157  9:20  Terran Infantry Armor Level 1  
  157  9:23  Command Center  
  157  9:31  Marine  
  157  9:32  Marine x2  
  157  9:33  Widow Mine  
  157  9:35  Marauder, Marine  
  157  9:36  Marauder  
  131  9:40  Widow Mine  
  125  9:49  Marine  
  125  9:50  Marauder, Marine  
  127  9:53  Marauder  
  127  9:54  Widow Mine  
  127  9:56  Marine  
  127  9:57  Marauder  
  126  10:01  Widow Mine  
  126  10:02  Medivac x2  
  132  10:07  Marine  
  132  10:08  Marine  
  132  10:11  Marine  
  132  10:13  Refinery  
  135  10:14  Refinery, Marine  
  135  10:15  Widow Mine, Marauder  
  135  10:18  Marauder  
  142  10:21  Terran Infantry Weapons Level 2  
  142  10:22  Widow Mine  
  142  10:25  Marine  
  142  10:26  Marine  
  146  10:29  Marauder  
  146  10:32  Medivac  
  146  10:33  Marauder  
  152  10:35  Marine  
  152  10:37  Widow Mine  
  152  10:40  Marauder  
  157  10:43  Marine x2  
  157  10:44  Widow Mine  
  159  10:50  Barracks, Medivac  
  159  10:51  Barracks, Marauder  
  159  10:52  Barracks  
  159  10:54  Marauder x2  
  167  10:58  Widow Mine  
  167  11:00  Marine  
  167  11:01  Marine x2  
  167  11:02  Medivac  
  174  11:05  Widow Mine  
  172  11:12  Marauder  
  172  11:13  Planetary Fortress  
  172  11:14  Sensor Tower  
  172  11:15  Marine  
  169  11:20  Medivac, Widow Mine  
  173  11:36  Command Center  
  173  11:40  Barracks Tech Lab x3  
  173  11:43  Terran Infantry Armor Level 2  
  173  11:48  Widow Mine x2  
  175  12:24  Bunker, Missile Turret  
  150  13:11  Widow Mine  
  150  13:12  Widow Mine, Marauder x4, Marine x3  
  169  13:13  Marauder x2  
  169  13:21  Command Center  
  169  13:22  Medivac x2  
  153  13:33  Marine x2  
  153  13:34  Marauder x5, Marine x2  
  147  13:38  Widow Mine  
  155  13:43  Widow Mine  
  153  13:51  Marine x2  
  153  13:52  Medivac x2, Marauder x2  
  153  13:55  Marauder, Marine x3  
  158  13:56  Marauder  
  158  13:59  Widow Mine  
  155  14:05  Widow Mine  
  155  14:09  Orbital Command, Marine x2  
  149  14:10  Command Center  
  149  14:13  Marauder x2, Marine x2  
  149  14:14  Marauder  
  149  14:16  Marine  
  159  14:17  Marauder  
  159  14:21  Widow Mine  
  159  14:22  Medivac x2  
  166  14:26  Widow Mine  
  166  14:27  Marine x2  
  172  14:31  Marauder x2  
  172  14:33  Terran Infantry Weapons Level 3  
  172  14:34  Marauder  
  172  14:35  Marauder x3  
  184  14:38  Marauder  
  184  14:40  Missile Turret  
  184  14:41  Missile Turret  
  184  14:42  Widow Mine  
  184  14:44  Marine  
  184  14:45  Marine  
  186  14:46  Missile Turret  
  186  14:47  Terran Infantry Armor Level 3  
  186  14:48  Widow Mine  
  186  14:52  Medivac x2  
  188  14:53  Marauder x2  
  188  14:55  Marine  
  188  14:56  Marauder x2, Marine  
  188  14:59  Marine  
  193  15:02  Marine x2  
  193  15:03  Widow Mine  
  193  15:04  Planetary Fortress  
  193  15:09  Widow Mine  
  193  15:13  Marine  
  193  15:14  Marauder, Marine x2  
  200  15:35  Marauder  
  200  15:36  Liberator x2  
  200  15:39  Marine  
  200  15:40  Marauder x4, Marine x2  
  168  15:43  Marauder  
  168  15:48  SCV  
  168  15:49  SCV x2  
  161  15:56  Marine  
  140  15:57  Marine x2  
  140  15:58  Marauder  
  140  16:01  Marauder x2  
  148  16:13  Refinery x2, Orbital Command  
  148  16:17  Marauder, Marine x4  
  148  16:18  Missile Turret, Marine  
  155  16:19  Medivac x2, Marine  
  155  16:22  Marine  
  153  16:27  SCV x4  
  153  16:31  Refinery  
  153  16:32  Refinery, Command Center  
  157  16:39  SCV x4  
  161  16:43  Widow Mine  
  161  16:44  Widow Mine  
  165  16:51  SCV  
  165  16:56  Marauder x5, Marine x4  
  179  17:02  Medivac x2  
  179  17:05  Widow Mine x2  
  186  17:14  Marauder  
  186  17:21  Marauder x2, Marine x4  
  186  17:22  Marauder x2  
  171  17:26  Widow Mine x2  
  171  17:32  Medivac x2  
  171  17:36  Marauder  
  168  17:39  Marine x2  
  168  17:40  Marauder x2  
  168  17:48  Missile Turret, Widow Mine x2  
  168  17:49  Planetary Fortress  
  168  17:50  SCV  
  168  17:51  SCV x4  
  177  18:02  Medivac x2  
  177  18:03  SCV x5  
  181  18:15  SCV x5  
  181  18:18  Marine x2  
  181  18:19  Refinery x2  
  182  18:27  SCV x5  
  182  18:32  Viking, Medivac  
  189  18:36  Marauder x2  
  189  18:39  SCV x4  
  197  18:45  Marauder, Marine  
  196  18:57  Factory Reactor  
  196  18:58  Starport  
  196  19:02  Viking x2  
  189  19:24  Marauder  
  189  19:25  Marauder x4, Marine  
  171  19:32  Viking x2  
  171  19:33  Marine  
  171  19:34  Marauder x2  
  174  19:42  Marine  
  175  19:45  Marine  
  175  19:46  Marauder x2  
  175  19:49  Starport  
  169  20:02  Viking x2  
  169  20:05  Viking x2  
  172  20:14  Marauder x7  
  180  20:18  Widow Mine x2  
  190  20:22  Terran Vehicle Weapons Level 1  
  190  20:27  Starport Reactor  
  190  20:32  Viking x2  
  190  20:35  Viking, Marauder x2  
  200  20:46  Command Center  
  200  21:15  Marauder  
  194  21:21  Marauder x2, Marine x4  
  194  21:22  Marauder x2  
  171  21:26  Widow Mine x2  
  163  21:36  Marauder  
  163  21:39  Marine x2  
  171  21:40  Marauder x2  
  171  21:43  Marauder x3, Marine  
  171  21:44  Missile Turret  
  190  21:48  Widow Mine x2  
  190  21:53  Liberator x5  
  189  21:58  Marauder  
  189  21:59  Planetary Fortress  
  189  22:00  Refinery  
  189  22:01  Marauder x3  
  197  22:04  Marauder  
  195  22:09  Liberator, Widow Mine  
  195  22:19  Marauder  
  196  22:27  Command Center  
  196  22:32  Marauder x2  
  200  22:45  Liberator  
  199  22:54  Marine  
  199  22:57  Marauder, Marine x3  
  199  22:58  Marauder x4  
  157  23:06  Medivac x3  
  157  23:07  Medivac x2  
  157  23:12  Marine  
  161  23:15  Marine  
  161  23:16  Widow Mine x2, Marauder x2  
  161  23:19  Marauder x4, Marine  
  172  23:28  Medivac  
  172  23:30  Marine  
  172  23:33  Marine  
  176  23:36  Viking x3  
  176  23:37  Viking x2, Widow Mine x2, Marauder x2, Marine  
  176  23:39  Sensor Tower  
  176  23:40  Marauder, Marine  
  176  23:41  Marauder  
  200  23:43  Planetary Fortress  
  200  23:55  Missile Turret  
  200  24:09  Marine  
  186  24:17  Marauder, Marine x3  
  186  24:18  Marauder x4  
  188  24:26  Marine  
  188  24:29  Sensor Tower  
  189  24:34  SCV  
  189  24:35  Marine  
  189  24:36  Sensor Tower, Marauder x2  
  194  24:38  Marine  
  194  24:39  Marauder x2, Marine x2  
  194  24:44  Marine  
  173  24:46  SCV  
  173  24:47  Viking x6  
  165  24:53  Widow Mine x2, Marine  
  165  24:57  Marauder x4, Marine  
  165  24:59  SCV  
  174  25:00  Marine  
  174  25:01  Marauder  
  174  25:02  Marine  
  173  25:10  Marine  
  173  25:11  SCV  
  169  25:14  Widow Mine  
  169  25:15  Widow Mine, Marauder  
  169  25:17  Viking x6  
  169  25:18  Marauder x2, Marine x2  
  169  25:19  Marauder  
  169  25:20  Marine  
  196  25:22  Marauder  
  196  25:27  Command Center  
  198  25:28  Marine  
  199  25:35  Marine  
  199  25:36  Widow Mine, Marauder  
  196  25:43  Marine  
  196  25:47  Viking x5  
  196  25:48  Marauder x2  
  196  25:49  Medivac  
  198  25:50  Marauder  
  193  25:57  Widow Mine, Marine  
  193  25:58  Widow Mine  
  193  26:01  Marine  
  183  26:05  Marauder, Marine x2  
  183  26:06  Marauder  
  183  26:09  Marauder, Marine  
  161  26:12  Marauder  
  161  26:15  Marine  
  161  26:17  Viking x2, Medivac x3  
  156  26:19  Medivac, Marauder  
  156  26:21  Widow Mine  
  156  26:23  Marine x2  
  164  26:26  Marine  
  164  26:27  Marauder x2  
  164  26:30  Marauder  
  163  26:32  Marine  
  163  26:33  Marauder  
  164  26:40  Marine  
  164  26:41  Widow Mine, Marine x2  
  164  26:43  Widow Mine  
  164  26:45  Marauder  
  164  26:47  Liberator, Medivac x3  
  173  26:48  Marauder x2  
  173  26:49  Liberator  
  173  26:50  Marine  
  173  26:52  Marauder  
  181  26:54  Marine  
  181  26:58  Marauder, Marine  
  181  26:59  Marine  
  149  27:02  Widow Mine  
  149  27:06  Marauder  
  144  27:09  Marauder  
  144  27:10  Marauder x2  
  144  27:12  Marauder  
  144  27:13  Marauder  
  144  27:15  Orbital Command  
  149  27:16  Liberator, Marine x2  
  149  27:17  Medivac  
  149  27:20  Marauder  
  158  27:28  Marauder  
  152  27:30  Medivac, Marauder  
  152  27:31  Marauder, Marine  
  152  27:32  Medivac  
  152  27:34  Marauder, Marine x3  
  166  27:41  Marauder  
  159  27:47  Medivac  
  159  27:49  Marauder x2  
  159  27:51  Marine  
  157  27:52  Marauder, Marine x3  
  157  27:55  Marauder  
  148  27:59  Medivac  
  148  28:00  Medivac, Widow Mine x2  
  148  28:01  Medivac  
  148  28:02  Marauder  
  160  28:09  Marauder  
  160  28:10  Marauder x2, Marine x3  
  164  28:13  Marine  
  164  28:16  Marine  
  164  28:17  Medivac  
  168  28:24  Marauder  
  169  28:27  Marine  
  169  28:28  Marauder, Marine  
  169  28:29  Liberator  
  169  28:30  Liberator  
  169  28:31  Liberator, Marauder, Marine x2  
  169  28:32  Marauder  
  169  28:33  Widow Mine x2  
  192  28:34  Marine  
  188  28:45  Marine x3  
  188  28:47  Liberator  
  186  28:49  Marauder  
  186  28:50  Marauder x2  
  186  28:52  Marauder x2  
  186  28:53  Marauder  
  186  28:54  Widow Mine x2  
  193  29:03  Marauder, Marine x2  
  185  29:10  Marine  
  185  29:11  Marauder x2  
  185  29:12  Liberator x2  
  185  29:13  Marauder  
  185  29:14  Marauder  
  200  29:24  Planetary Fortress  
  191  29:32  Marauder x2  
  191  29:34  Marine  
  191  29:35  Marine x2  
  191  29:36  Marauder x3  
  198  29:46  Orbital Command  
  198  29:54  SCV  
  198  29:55  SCV x2  
  198  29:56  SCV  
  200  30:05  Marauder, Marine  
  185  30:30  Marauder x2  
  185  30:33  Liberator  
  185  30:34  Liberator x3  
  195  30:37  Widow Mine  
  195  30:38  Widow Mine  
  169  30:59  Widow Mine x2  
  169  31:01  Marauder x3, Marine x4  
  169  31:02  Marauder  
  179  31:05  Marauder  
  179  31:13  SCV x5  
  179  31:16  Medivac  
  179  31:17  Medivac x3  
  192  31:18  Marine  
  192  31:19  Marauder, Marine  
  192  31:20  Widow Mine, Marauder  
  192  31:22  Marine x2  
  196  31:34  Marine  
  196  31:35  Marauder x2  
  196  31:36  Marine x2  
  194  31:40  Marauder, Marine  
  194  31:46  Medivac  
  194  31:47  Medivac x3  
  197  31:56  Command Center  
  197  31:57  Widow Mine, Marine  
  197  31:58  Marine  
  197  31:59  Marine  
  192  32:10  Widow Mine, Marine  
  192  32:11  Marine  
  196  32:16  Medivac x2  
  200  32:32  Missile Turret  
  200  32:42  Liberator x2  
  200  32:44  Marauder x3, Marine x2  
  191  32:46  Liberator, Viking  
  191  32:48  Marine  
  170  33:01  Missile Turret  
  170  33:03  Marauder, Marine x2  
  170  33:04  Marauder  
  170  33:05  Marine  
  155  33:14  Marine  
  155  33:16  Liberator, Marine  
  155  33:19  Marine x2  
  155  33:30  Medivac x2  
  155  33:33  Liberator  
  160  33:48  Marine  
  153  33:49  Marine  
  146  33:58  Marine  
  146  33:59  Liberator  
  146  34:00  Liberator  
  129  34:04  Marauder, Marine  
  120  34:10  Widow Mine, Marine  
  120  34:11  Marine  
  120  34:13  Marine  
  120  34:22  Planetary Fortress  
  115  34:26  Marine  
  115  34:29  Marine  
  98  34:41  Marine x2  
  84  34:51  Marine x2  
  84  34:52  Marauder  
Tags
 
Add a new tag
Caveats
  • Supply blocks, unpowered buildings, or Contaminate may cause inaccurate times.
  • Supply counts are checked every 10 seconds.